 Dungeon Crawl Stone Soup version 0.29.1-14-g9c671dbff4 (webtiles) character file.

Game seed: 2053270654421117506

2590 nshep25 the Cleaver (level 9, -3/75 HPs)
             Began as a Minotaur Fighter on Feb 15, 2023.
             Was an Initiate of Gozag.
             Slain by a two-headed ogre
             ... wielding a +0 giant club
              (24 damage)
             ... on level 8 of the Dungeon.
             The game lasted 00:12:46 (8325 turns).

nshep25 the Cleaver (Minotaur Fighter)              Turns: 8325, Time: 00:12:47

Health: -3/75      AC: 18    Str: 26    XL:     9   Next: 33%
Magic:  8/8        EV:  8    Int:  5    God:    Gozag
Gold:   351        SH:  0    Dex:  9    Spells: 8/8 levels left

rFire   . . .      SeeInvis .   x - +0 battleaxe
rCold   . . .      Faith    .   (shield currently unavailable)
rNeg    . . .      Spirit   .   H - +0 plate armour
rPois   +          Reflect  .   K - +2 hat
rElec   .          Harm     .   C - +0 cloak
rCorr   .          Rampage  .   m - +0 pair of gloves
Will    .....                   (no boots)
Stlth   ..........              l - amulet of the acrobat
HPRegen 0.22/turn               p - ring of poison resistance
MPRegen 0.11/turn               (no ring)

@: gold aura
A: horns 2, retaliatory headbutt
a: Renounce Religion, Potion Petition, Call Merchant, Bribe Branch


You were on level 8 of the Dungeon.
You worshipped Gozag.
Gozag was aware of your devotion.
You visited 2 branches of the dungeon, and saw 9 of its levels.

You collected 762 gold pieces.
You spent 308 gold pieces at shops.
You paid 103 gold pieces to Gozag.

Inventory:

Hand Weapons
 a - a +0 war axe
 x - a +0 battleaxe (weapon)
Missiles
 j - 6 boomerangs of dispersal
 r - 3 boomerangs (quivered)
Armour
 b - a +0 scale mail
 c - a +0 buckler
 m - a +0 pair of gloves (worn)
 u - a +0 chain mail
 C - a +0 cloak (worn)
 H - a +0 plate armour (worn)
 K - a +2 hat (worn)
Jewellery
 l - an amulet of the acrobat (around neck)
 p - a ring of poison resistance (left hand)
 z - a ring of fire
 A - a +6 ring of intelligence
Wands
 B - a wand of light (13)
 G - a wand of flame (18)
Scrolls
 h - 6 scrolls of identify {unknown}
 i - 3 scrolls of acquirement {unknown}
 n - a scroll of teleportation {unknown}
 o - a scroll of summoning {unknown}
 q - 2 scrolls of enchant armour {unknown}
 v - a scroll of fear {unknown}
 w - 2 scrolls of poison {unknown}
 y - a scroll of fog {unknown}
 D - a scroll of magic mapping {unknown}
 E - a scroll of immolation {unknown}
 I - a scroll of blinking {unknown}
 L - 2 scrolls of silence {unknown}
 M - a scroll of noise {unknown}
Potions
 d - 2 potions of might
 e - 7 potions of curing
 f - a potion of flight {unknown}
 g - 2 potions of haste {unknown}
 k - 4 potions of attraction {unknown}
 s - 2 potions of invisibility {unknown}
 t - a potion of cancellation {unknown}
 F - a potion of brilliance {unknown}
 J - 3 potions of mutation
 N - a potion of heal wounds {unknown}


   Skills:
 + Level 5.8 Fighting
 * Level 12.0 Axes
 + Level 8.1 Armour
 + Level 1.5 Dodging
 + Level 0.7 Stealth
 + Level 5.0 Shields


You had 8 spell levels left.
You didn't know any spells.
Your spell library contained the following spells:

 Spells                   Type           Power      Damage    Failure   Level
 Beastly Appendage        Tmut           0%         N/A       99%         1
 Necrotise                Necr           0%         1d4       99%         1
 Sublimation of Blood     Necr           0%         N/A       100%        2
 Wereblood                Tmut           0%         N/A       100%        2
 Spider Form              Tmut/Pois      0%         N/A       100%        3
 Vampiric Draining        Necr           0%         2d6       100%        3
 Anguish                  Hex/Necr       0%         N/A       100%        4
 Petrify                  Tmut/Erth      0%         N/A       100%        4
 Agony                    Necr           0%         N/A       100%        5
 Irradiate                Conj/Tmut      0%         3d11      100%        5
 Enfeeble                 Hex            0%         N/A       100%        7


Dungeon Overview and Level Annotations

Branches:
Dungeon (8/15)             Temple (1/1) D:6
   Lair: D:8-11

Altars:
Ashenzari
Cheibriados
Dithmenos
Elyvilon
Fedhas
Gozag
Hepliaklqana
Kikubaaqudgha
Makhleb
Nemelex Xobeh
Okawaru
Qazlal
Ru
Sif Muna
Trog
Uskayaw
Vehumet
Wu Jian
Xom
Yredelemnul
Zin
The Shining One

Shops:
D:2 !   D:7 =   D:8 *

Annotations:
D:4 2 transporters, Shadowshaper's ghost, amateur DjFi


Innate Abilities, Weirdness & Mutations

You have a pair of horns on your head.
You reflexively headbutt those who attack you in melee.


Message History

M - a scroll labelled LIMODI WUWUTZ
L - 2 scrolls labelled SUSOBBE RIPH (gained 1)
You see here a +0 quarterstaff.
Found a short sword.
You now have 351 gold pieces (gained 19).
N - an orange potion
Found a broken altar of Ashenzari.
There is an escape hatch in the ceiling here.
A wyvern comes into view.
Found an escape hatch in the floor.
The wyvern hisses angrily.
A two-headed ogre comes into view. It is wielding two +0 giant clubs.
The wyvern completely misses you. You furiously retaliate!
You headbutt the wyvern! You closely miss the wyvern.
The wyvern is heavily wounded.
The wyvern bites you but does no damage.
You slice the wyvern!!
You kill the wyvern!
Your Axes skill increases to level 12!
You see here 18 gold pieces.
You slash the two-headed ogre!
The two-headed ogre is lightly wounded.
The two-headed ogre hits you with a +0 giant club!!
The two-headed ogre hits you with a +0 giant club!
You slice the two-headed ogre!!
The two-headed ogre is heavily wounded.
The two-headed ogre hits you with a +0 giant club!!
* * * LOW HITPOINT WARNING * * *
The two-headed ogre hits you but does no damage.
You hit the two-headed ogre.
The two-headed ogre is severely wounded.
The two-headed ogre is distracted by your dazzling golden aura.
The two-headed ogre shouts in stereo!
You hit the two-headed ogre.
The two-headed ogre is no longer distracted by gold.
The two-headed ogre is severely wounded.
The two-headed ogre hits you with a +0 giant club!!
You die...
Your body crumbles into a pile of gold.

..## #.# ### ##.#
#.......>....# # ##..#
............# ##...#
#...........# #....##
#............ ##.....##
#...........
#.......###...........
#.........##.........#
###.............@O.....#
#......................#
...........##..........#
............###........#
#...........# ##.......#
##..........# #.....###
#.#....##### ##...##
#).##### #... #..#


You could see a two-headed ogre.

Vanquished Creatures
  2 dream sheep (D:8)
  A wyvern (D:8)
  2 steam dragons
  2 water moccasins (D:5)
  2 black bears
  3 ogres
  2 centaurs
  A phantom (D:6)
  3 bullfrogs (D:8)
  2 scorpions
  3 jellies
  2 gnoll boudas
  2 orc priests (D:3)
  2 iguanas (D:6)
  Natasha (twice) (D:3)
  5 orc wizards
  3 adders
  5 gnolls (D:6)
  A shadow imp (D:5)
  A white imp (D:5)
  2 ufetubi
  A dart slug (D:1)
  27 orcs
  7 ball pythons
  4 bats
  5 endoplasms
  2 giant cockroaches (D:1)
  4 goblins
  4 hobgoblins
  5 kobolds
  A quokka (D:4)
  6 frilled lizards
  3 rats
  4 bushes (D:2)
121 creatures vanquished.

Vanquished Creatures (others)
  A human (D:3)
  4 plants (D:2)
5 creatures vanquished.

Grand Total: 126 creatures vanquished

Notes
Turn   | Place    | Note
-------+----------+-------------------------------------------
     0 | D:1      | nshep25 the Minotaur Fighter began the quest for the Orb.
     0 | D:1      | Reached XP level 1. HP: 19/19 MP: 0/0
   125 | D:1      | Reached XP level 2. HP: 25/27 MP: 1/1
   459 | D:1      | Found a faded altar of an unknown god.
  1081 | D:2      | Found Qiaxzafu's Distillery.
  1637 | D:3      | Reached skill level 3 in Axes
  1637 | D:3      | Reached XP level 3. HP: 16/33 MP: 2/2
  1637 | D:3      | Reached XP level 4. HP: 19/40 MP: 3/3
  2036 | D:3      | Noticed Natasha
  2038 | D:3      | Killed Natasha
  2185 | D:3      | Found an ancient bone altar of Kikubaaqudgha.
  2185 | D:3      | Noticed a human
  2189 | D:3      | Killed a human
  2191 | D:3      | Reached skill level 4 in Axes
  2404 | D:3      | Found a stormy altar of Qazlal.
  2407 | D:3      | Noticed Natasha
  2413 | D:3      | Killed Natasha
  2414 | D:3      | Reached XP level 5. HP: 36/47 MP: 4/4
  2705 | D:4      | Noticed Shadowshaper's ghost (amateur DjFi)
  2705 | D:4      | Found a transporter.
  2709 | D:4      | Identified the +6 great mace "Xeotwy" {flame, Str+4}
  2709 | D:4      | Noticed an ogre
  2711 | D:4      | Noticed an ogre
  2804 | D:4      | Noticed an ogre
  2806 | D:4      | Killed an ogre
  2807 | D:4      | Reached skill level 5 in Axes
  2807 | D:4      | Reached skill level 5 in Armour
  2807 | D:4      | Reached XP level 6. HP: 21/53 MP: 5/5
  3511 | D:4      | Found a transporter.
  3527 | D:5      | Entered Level 5 of the Dungeon
  3531 | D:5      | Noticed a water moccasin
  3535 | D:5      | Killed a water moccasin
  3563 | D:5      | Noticed a water moccasin
  3568 | D:5      | Killed a water moccasin
  3569 | D:5      | Reached skill level 6 in Axes
  3569 | D:5      | Reached skill level 5 in Shields
  3691 | D:5      | Reached skill level 7 in Axes
  3691 | D:5      | Reached XP level 7. HP: 32/60 MP: 6/6
  4335 | D:5      | Found a sparkling altar of Nemelex Xobeh.
  4613 | D:5      | Reached skill level 5 in Fighting
  4897 | D:6      | Reached skill level 1 in Dodging
  4914 | D:6      | Reached skill level 8 in Axes
  4995 | D:6      | Reached XP level 8. HP: 19/68 MP: 7/7
  5396 | D:6      | Found a staircase to the Ecumenical Temple.
  5408 | Temple   | Entered the Ecumenical Temple
  5505 | Temple   | Became a worshipper of Gozag Ym Sagoz the Greedy
  5981 | D:6      | Reached skill level 9 in Axes
  6533 | D:7      | Reached skill level 10 in Axes
  6648 | D:7      | Found a sacrificial altar of Ru.
  6918 | D:7      | Found a shimmering altar of Xom.
  6996 | D:7      | Found a shimmering blue altar of Sif Muna.
  7025 | D:7      | Found an iron altar of Okawaru.
  7217 | D:7      | Found Ozur's Jewellery Boutique.
  7669 | D:2      | Bought a potion of mutation for 88 gold pieces
  7669 | D:2      | Bought a potion of mutation for 88 gold pieces
  7669 | D:2      | Bought a potion of mutation for 88 gold pieces
  7669 | D:2      | Bought a potion of degeneration for 11 gold pieces
  7669 | D:2      | Bought a potion of curing for 33 gold pieces
  7863 | D:8      | Noticed a dream sheep
  7863 | D:8      | Noticed a dream sheep
  7870 | D:8      | Killed a dream sheep
  7871 | D:8      | Reached skill level 11 in Axes
  7871 | D:8      | Reached XP level 9. HP: 67/74 MP: 8/8
  8062 | D:8      | Found Bedoz's General Store.
  8246 | D:8      | Found a broken altar of Ashenzari.
  8317 | D:8      | Noticed a two-headed ogre
  8321 | D:8      | Reached skill level 12 in Axes
  8325 | D:8      | Slain by a two-headed ogre

Illustrated notes

Levels and vault maps discovered:
D:1:      dreamdust_arrival_sigmund_warning, layout_loops_ring,
          basic_ecumenical_altar, kennysheep_pointless_box, nicolae_titane
D:2:      layout_loops_ring, serial_shops, nicolae_shop_hallway_plus,
          serial_forest, infiniplex_forest_clump_medium,
          infiniplex_forest_clump_tiny, infiniplex_forest_straight_3,
          infiniplex_forest_end_double, infiniplex_forest_end_2,
          infiniplex_forest_lined_3, infiniplex_forest_clump_double,
          infiniplex_forest_end_1, infiniplex_forest_corner_1
D:3:      layout_loops_corners, tgw_kikubaaqudgha,
          nicolae_qazlal_scattered_showers, uniq_natasha
D:4:      layout_basic, gammafunk_ghost_smash
D:5:      layout_gridville, nemelex_spade_bored_becter
D:6:      layout_basic, minmay_temple_entry_offerings, glass_columns_a,
          moated_statue, roderic_serpentine_path
D:7:      layout_cave_pods, kennysheep_little_box, lemuel_tele_altar,
          mainiacjoe_overflow_two_lobes, serial_shops, shop
D:8:      layout_cave_pods, ashenzari_conservatory_becter, serial_shops,
          shop_coins, dreamdust_gnoll_shepherd
Temple:   minmay_temple_curvy_branch

Skill      XL: |  1  2  3  4  5  6  7  8  9 |
---------------+----------------------------+-----
Armour         | 4 5 6 7 8 |  8.1
Fighting       | 4 5 |  5.8
Axes           | 3 4 5 7 8 11 12 | 12.0
Shields        | 4 5 |  5.0
Dodging        | 1 |  1.5
Stealth        | |  0.7

Action                   |  1- 3 |  4- 6 |  7- 9 || total
-------------------------+-------+-------+-------++-------
Melee: War axe           |   176 |    41 |       ||   217
       Headbutt          |    53 |     8 |    21 ||    82
       Battleaxe         |       |    24 |   154 ||   178
Armor: Scale mail        |    21 |     6 |       ||    27
       Chain mail        |       |    27 |    91 ||   118
       Plate armour      |       |       |    23 ||    23
Dodge: Dodged            |    17 |    32 |   129 ||   178
Block: Buckler           |    12 |    15 |       ||    27
